Unix NetHack Version 5.0.0-0 post-release - last build May  4 2026 22:22:43 (774f63e81ad911689b3a0859ea89b322d5daca8d,branch:main).

Game began 2026-05-08 11:23:03, ended 2026-05-08 12:38:06.

2461479678, lawful male human Knight

             -------.-------
             |...).)....!..|
             |........\....|       --------
            #-)...(........|       |......|
            #-----^-.-------       ........
            ##    ##)              |......|
             #      ##        #   #.......|
             #       ##      )#)###----.---
             ###      ##   ()`#        #
               #       (    ###        ##
               #       #    #           #
               #   ----.-####           #
  -------------#   |..|.@#              #
  |............#   |....|      ###      ##
  |...........|    |....?#######        -.---
  |...........|    ------               |..<|
  |........?..|                         |!...
  -------------                         -----

2461479678 the Bachelor  St:17 Dx:8 Co:14 In:8 Wi:16 Ch:17  Lawful
Dlvl:6  $:61 HP:0(54) Pw:38(38) AC:3  Xp:6 T:2567  FoodPois Hungry  

Latest messages:
 The straw golem misses!
 The straw golem hits!
 You are now more skilled in long sword.
 You hit the straw golem!
 The straw golem hits!
 The straw golem misses!
 You destroy the straw golem!
 Really step into that hole? [yn] (n) n
 It must weigh a ton!
 You miss boonks' ghost.
 You hear someone counting gold coins.
 Boonks' ghost wakes up!
 Boonks' ghost touches you!
 You see here a scroll labeled ASHPD SODALG.
 Boonks' ghost touches you!
 The gnome throws a shuriken!
 The shuriken slips as the gnome throws it!
 A shuriken misses you.
 Boonks' ghost touches you!
 The gnome throws a shuriken!
 The shuriken hits the paper golem.
 The paper golem hits!
 You hit the paper golem!
 The paper golem hits!
 You destroy the paper golem!
 The gnome throws a shuriken!
 A shuriken misses you.
 You are beginning to feel hungry.
 You hit the gnome!
 You kill the gnome!
 Boonks' ghost touches you!
 You see here a chest.
 There is a bugbear corpse here; eat it? [ynq] (n) y
 Ulch - that meat was tainted!
 You feel deathly sick.
 (It must have died too long ago to be safe to eat.)
 Are you sure you want to pray? [yn] (n) y
 You begin praying to Lugh.
 You finish your prayer.
 You feel that Lugh is displeased.
 Your sickness feels worse.
 There are several objects here.
 Your sickness is severe.
 You are at Death's door.
 You die from your illness.
 Do you want your possessions identified? [ynq] (y) y
 Do you want to see your attributes? [ynq] (y) n
 Do you want an account of creatures vanquished? [ynaq] (y) n
 Do you want to see your conduct and achievements? [ynq] (y) n
 Do you want to see the dungeon overview? [ynq] (y) n

Inventory:
 Coins    ('$')
  $ - 61 gold pieces
 Weapons  (')')
  a - a blessed +1 long sword (weapon in right hand)
  J - a +1 scimitar
  b - a +1 lance (alternate weapon; not wielded)
 Armor    ('[')
  d - an uncursed +0 helmet (being worn)
  K - an uncursed +0 orcish helm
  f - an uncursed +0 pair of leather gloves (being worn)
  e - an uncursed +0 small shield (being worn)
  c - an uncursed +1 ring mail (being worn)
 Comestibles  ('%')
  I - an uncursed partly eaten apple
 Rings    ('=')
  j - an uncursed ring of stealth
 Wands    ('/')
  C - a cursed wand of digging (0:5)

2461479678 the Knight's attributes:

Background:
 You were a Bachelor, a level 6 male human Knight.
 You were lawful, on a mission for Lugh
 who was opposed by Brigit (neutral) and Manannan Mac Lir (chaotic).
 You were right-handed.
 You were in the Dungeons of Doom, on level 6.
 You entered the dungeon 2567 turns ago.
 You had 385 experience points, 255 more were needed to attain level 7.

Basics:
 You had 0 out of 54 hit points.
 You had all 38 energy points (spell power).
 Your armor class was 3.
 Your wallet contained 61 zorkmids.
 Autopickup was off.

Final Characteristics:
 Your strength was 17 (limit:18/100).
 Your dexterity was 8 (limit:18).
 Your constitution was 14 (limit:18).
 Your intelligence was 8 (limit:18).
 Your wisdom was 16 (limit:18).
 Your charisma was 17 (limit:18).

Final Status:
 You died from food poisoning.
 You were hungry.
 You were unencumbered.
 You were wielding a long sword.
 You were skilled in long sword.

Final Attributes:
 You were piously aligned.
 You could jump.
 You were warded.
 You were unlucky.
 Lugh was angry with you.
 You are dead.

Miscellaneous:
 You encountered 1 bones level.
 Total elapsed playing time was 1 hour, 14 minutes and 56 seconds.

Major events:
 Turn
    1: 2461479678 the lawful male human Knight entered the dungeon
  998: attained the rank of Esquire (level 3)
 2435: attained the rank of Bachelor (level 6)
 2567: poisoned by a rotted bugbear corpse

You didn't know any spells.

Skills:
 Fighting Skills
   bare handed combat [Unskilled]
   two weapon combat  [Unskilled]
   riding             [Basic]
 Weapon Skills
   dagger             [Unskilled]
   knife              [Unskilled]
   axe                [Unskilled]
   pick-axe           [Unskilled]
   short sword        [Unskilled]
   broadsword         [Unskilled]
   long sword         [Skilled]
   two-handed sword   [Unskilled]
   saber              [Unskilled]
   club               [Unskilled]
   mace               [Unskilled]
   morning star       [Unskilled]
   flail              [Unskilled]
   hammer             [Unskilled]
   polearms           [Unskilled]
   spear              [Unskilled]
   trident            [Unskilled]
   lance              [Basic]
   bow                [Unskilled]
   crossbow           [Unskilled]
 Spellcasting Skills
   attack spells      [Unskilled]
   healing spells     [Unskilled]
   clerical spells    [Unskilled]

Voluntary challenges:
 Character rerolling was not enabled.
 You were illiterate.
 You never genocided any monsters.
 You never polymorphed an object.
 You never changed form.
 You used no wishes.
Achievements:
 You entered a shop.
 You attained the rank of Esquire.
 You attained the rank of Bachelor.

 The Dungeons of Doom: levels 1 to 6
    Level 1:
       A fountain.
    Level 2:
       A general store, some fountains.
    Level 3:
       An armor shop, a fountain.
    Level 4:
    Level 5:
       Some fountains, a sink.
    Level 6: <- You were here.
       A throne, some graves.
       Final resting place for
          you, poisoned by a rotted bugbear corpse,
          boonks-Tou-Hum-Mal-Neu, killed by an exploding wand,
          eestinsv-Pri-Elf-Fem-Cha, killed by an Elvenking.


Vanquished creatures:
  a ghost
  a bugbear
  a pony
 an elf zombie
  a straw golem
  2 paper golems
  a kitten
  a homunculus
  a rabid rat
  2 giant bats
  a gas spore
  a large kobold
  2 yellow molds
  a gnome
  a gecko
  4 jackals
  a fox
  4 grid bugs
  7 lichens
  a kobold zombie
  5 newts
40 creatures vanquished.

No species were genocided or became extinct.

Game over:
                       ----------
                      /          \
                     /    REST    \
                    /      IN      \
                   /     PEACE      \
                  /                  \
                  |    2461479678    |
                  |      61 Au       |
                  |  poisoned by a   |
                  |  rotted bugbear  |
                  |      corpse      |
                  |                  |
                  |       2026       |
                 *|     *  *  *      | *
        _________)/\\_//(\/(/\)/\//\/|_)_______

Fare thee well 2461479678 the Knight...

You were poisoned in The Dungeons of Doom on dungeon level 6 with 1879 points,
and 61 pieces of gold, after 2567 moves.
You were level 6 with a maximum of 54 hit points when you were poisoned.

